 Dungeon Crawl Stone Soup version 0.24-a0-487-g57318f2ed0 (webtiles) character file.

Game seed: 11564054996871971843

814 Gargoyl the Skirmisher (level 7, 0/60 HPs)
             Began as a Centaur Abyssal Knight on July 10, 2019.
             Was a Believer of Lugonu.
             Slain by a worker ant (6 damage)
             ... on level 6 of the Dungeon.
             The game lasted 00:06:53 (4901 turns).

Gargoyl the Skirmisher (Centaur Abyssal Knight)     Turns: 4901, Time: 00:06:53

Health: 0/60       AC:  4    Str: 15    XL:     7   Next: 62%
Magic:  10/10      EV:  4    Int: 11    God:    Lugonu [**....]
Gold:   189        SH:  4    Dex: 10    Spells: 6/6 levels left

rFire    . . .     SeeInvis .   t - +2 hand axe (chop)
rCold    . . .     Gourm    .   g - +1 buckler
rNeg     . . .     Faith    .   n - +0 chain mail
rPois    .         Spirit   .   d - +0 helmet
rElec    .         Reflect  .   p - +0 cloak
rCorr    .         Harm     .   k - +1 pair of gloves
MR       .....                  (no barding)
Stlth    ..........             (no amulet)
HPRegen  0.20/turn              (no ring)
MPRegen  0.12/turn              (no ring)

@: corroded, very quick
A: large, hooves 3, deformed body, speed 2, tough skin 3
a: Depart the Abyss, Bend Space, Renounce Religion


You were on level 6 of the Dungeon.
You worshipped Lugonu.
Lugonu was pleased with you.
You were not hungry.

You visited 1 branch of the dungeon, and saw 6 of its levels.
You visited the Abyss 1 time.

You collected 189 gold pieces.

Inventory:

Hand Weapons
 a - a +2 hand axe
 t - a +2 hand axe of chopping (weapon)
Armour
 d - a +0 helmet (worn)
 g - a +1 buckler (worn)
 k - a +1 pair of gloves (worn)
 n - a +0 chain mail (worn)
 p - a +0 cloak (worn)
Wands
 v - a wand of flame (13)
Scrolls
 e - 2 scrolls of identify
 r - 4 scrolls of teleportation
 s - 3 scrolls of remove curse
Potions
 b - 4 potions of might
 f - 2 potions of magic
 h - a potion of berserk rage
 i - a potion of brilliance
 j - 3 potions of curing
 l - 2 potions of resistance
 m - a potion of flight
 o - a potion of haste
 q - a potion of ambrosia {unknown}
 u - 4 potions of agility
Comestibles
 c - 13 rations


   Skills:
 + Level 4.5 Fighting
 + Level 4.1 Axes
 * Level 3.4 Armour
 * Level 2.4 Dodging
 + Level 0.5 Shields
 * Level 4.3 Invocations


You had 6 spell levels left.
You didn't know any spells.
Your spell library was empty.

Dungeon Overview and Level Annotations

Branches:
Dungeon (6/15)
 Temple: D:4-7

Altars:
Gozag
Kikubaaqudgha
Ru
Wu Jian
Zin
The Shining One

Shops:
D:6 [


Innate Abilities, Weirdness & Mutations

You have hooves in place of feet.
Armour fits poorly on your strangely shaped body.
You cover ground very quickly.
You have extremely tough skin. (AC +3)


Message History

You are poisoned.
The worker ant poisons you!
You hit the worker ant but do no damage.
Your kick misses the worker ant.
The worker ant is almost dead.
You hit the bullfrog but do no damage. You hit the jelly but do no damage.
Your hands burn!
* * * LOW HITPOINT WARNING * * *
You feel sick. The bullfrog hits you.
* * * LOW HITPOINT WARNING * * *
The jelly hits you but does no damage. The worker ant bites you.
* * * LOW HITPOINT WARNING * * *
You are lethally poisoned!
The worker ant poisons you! The bullfrog hits you!
* * * LOW HITPOINT WARNING * * *
The jelly hits you but does no damage.
* * * LOW HITPOINT WARNING * * *
You feel sick.
You feel better. You block the bullfrog's attack. The worker ant bites you.
You die...

.. ##.# ########## #..#
##........## #..#
###..........### #[####
#.>............#
.....#####...............
.........................
#..............[.F.......
##....).........@a.......
##..............J.......
###.[..................
##...................
##..................
##...............##
#............###
#........#### ####


You could see a bullfrog, a jelly and a worker ant.

Vanquished Creatures
  3 ogres
  A wyvern zombie (D:6)
  A wyvern skeleton (D:6)
  An iguana (D:4)
  2 orc wizards
  5 worker ants
  2 worker ant zombies
  10 adders
  2 gnolls (D:1)
  A shadow imp (D:5)
  3 oozes
  2 worms (D:2)
  2 dart slugs
  11 orcs
  A bat zombie (D:2)
  2 giant cockroaches
  8 goblins
  5 hobgoblins
  3 jackals (D:3)
  2 quokkas (D:3)
  3 ball pythons
  7 bats
  6 frilled lizards
  A jackal skeleton (D:4)
  7 kobolds
  A leopard gecko skeleton (D:4)
  2 rats (D:2)
  A rat zombie (D:2)
95 creatures vanquished.

Notes
Turn   | Place    | Note
-------+----------+-------------------------------------------
     0 | Abyss:1  | Gargoyl the Centaur Abyssal Knight began the quest for the
                  | Orb.
     0 | Abyss:1  | Reached XP level 1. HP: 19/19 MP: 2/2
    69 | Abyss:1  | Found a sacrificial altar of Ru.
    72 | Abyss:1  | Noticed an orange demon
    77 | D:1      | Escaped the Abyss
   216 | D:1      | Reached XP level 2. HP: 13/26 MP: 3/3
   466 | D:1      | Reached skill level 1 in Dodging
   547 | D:1      | Reached XP level 3. HP: 30/31 MP: 4/4
   553 | D:1      | Reached * piety under Lugonu
  1076 | D:2      | Reached XP level 4. HP: 23/40 MP: 5/5
  1279 | D:2      | Found an ornate altar of the Wu Jian Council.
  1454 | D:2      | Reached ** piety under Lugonu
  1714 | D:2      | Found an ancient bone altar of Kikubaaqudgha.
  1788 | D:3      | Reached XP level 5. HP: 46/46 MP: 7/7
  1951 | D:3      | Noticed an ogre
  1962 | D:3      | Killed an ogre
  2262 | D:4      | Found a glowing silver altar of Zin.
  2311 | D:4      | Found a sacrificial altar of Ru.
  2366 | D:4      | Reached XP level 6. HP: 51/52 MP: 8/8
  3324 | D:4      | Found the +8 trident of the Octopus King {venom, rElec
                  | rPois MR+}
  3453 | D:5      | Entered Level 5 of the Dungeon
  3500 | D:5      | Found a glowing golden altar of the Shining One.
  3574 | D:5      | Identified the +2 leather armour "Ugooh" {-Cast rC+ Dex+3}
  3906 | D:5      | Reached XP level 7. HP: 24/60 MP: 8/10
  4552 | D:6      | Found an opulent altar of Gozag.
  4820 | D:6      | Found Usewib's Antique Armour Shoppe.
  4899 | D:6      | HP: 2/60 [bullfrog (7)]
  4901 | D:6      | Slain by a worker ant

Levels and vault maps discovered:
D:1:      saegor_arrival_simple_d, layout_basic
D:2:      layout_basic, lemuel_round_altar, lemuel_zombie_altar_kikubaaqudgha
D:3:      layout_rooms, first_ration
D:4:      layout_loops_ring, lemuel_crystal_altar,
          nicolae_overflow_crystal_walls, minivault_14
D:5:      layout_basic, basic_altar
D:6:      layout_cave_pods, nicolae_gozag_cash_rules_everything_around_me,
          grunt_temple_overflow_open, minmay_temple_entry_waves, serial_shops,
          shop_statue

Skill      XL: |  1  2  3  4  5  6  7 |
---------------+----------------------+-----
Dodging        | 1 2 |  2.4
Axes           | 2 3 4 |  4.1
Armour         | 2 3 |  3.4
Invocations    | 3 4 |  4.3
Fighting       | 4 |  4.5
Shields        | |  0.5

Action                   |  1- 3 |  4- 6 |  7- 9 || total
-------------------------+-------+-------+-------++-------
Melee: Hand axe          |    64 |   187 |    62 ||   313
       Kick              |    15 |    49 |    14 ||    78
Invok: Depart the Abyss  |     1 |       |       ||     1
       Bend Space        |       |     1 |       ||     1
  Use: Scroll            |     2 |    16 |     1 ||    19
       Potion            |     1 |     1 |     1 ||     3
  Eat: Chunk             |       |     6 |     2 ||     8
       Ration            |       |       |     1 ||     1
Armor: Ring mail         |    39 |    81 |       ||   120
       Leather armour    |     1 |       |       ||     1
       Chain mail        |       |     5 |    39 ||    44
Dodge: Dodged            |    36 |    78 |    14 ||   128
Block: Buckler           |     5 |    27 |    14 ||    46

Table legend:
 A = Non-vault XP
 B = Vault XP
 C = Vault XP percentage of total XP
 D = Non-vault monster count
 E = Vault monster count
 F = Vault count percentage of total count
                 A         B        C        D         E       F
            +---------+---------+-------+---------+---------+-------
      Total |    1160 |       3 |   0.3 |      93 |       2 |   2.1
            +---------+---------+-------+---------+---------+-------
        D:1 |      55 |       0 |   0.0 |      19 |       0 |   0.0
        D:2 |     121 |       3 |   2.4 |      24 |       2 |   7.7
        D:3 |     197 |       0 |   0.0 |      15 |       0 |   0.0
        D:4 |     316 |       0 |   0.0 |      14 |       0 |   0.0
        D:5 |     220 |       0 |   0.0 |      13 |       0 |   0.0
        D:6 |     251 |       0 |   0.0 |       8 |       0 |   0.0
            +---------+---------+-------+---------+---------+-------
